 Dungeon Crawl Stone Soup version 0.31-a0-1338-gb567cfdca4 (webtiles) character file.

Game seed: 9574227985559918349

3 jasper the Grave Robber (level 1, -2/13 HPs)
             Began as a Demonspawn Necromancer on Dec 22, 2023.
             Slain by a gnoll
             ... wielding a +0 spear
              (3 damage)
             ... on level 1 of the Dungeon.
             The game lasted 00:00:32 (210 turns).

jasper the Grave Robber (Demonspawn Necromancer)     Turns: 210, Time: 00:00:32

Health: -2/13      AC:  2    Str:  8    XL:     1   Next: 41%
Magic:  2/3        EV: 12    Int: 15    God:
Gold:   0          SH:  0    Dex: 13    Spells: 3/4 levels left

rFire   . . .        (no weapon)
rCold   . . .        (no shield)
rNeg    . . .        a - +0 robe
rPois   .            (no helmet)
rElec   .            (no cloak)
rCorr   .            (no gloves)
SInv    .            (no boots)
Will    .....        (no amulet)
Stlth   ++           (no ring)
HPRegen 0.22/turn    (no ring)
MPRegen 0.08/turn

%: no passive effects
@: no status effects
A: no striking features
a: no special abilities


You were on level 1 of the Dungeon.
You visited 1 branch of the dungeon, and saw 1 of its levels.

Inventory:

Armour
 a - a +0 robe (worn)


   Skills:
 - Level 1.7 Dodging
 - Level 1.7 Stealth
 - Level 2.0 Spellcasting
 + Level 4.6 Necromancy


You had 3 spell levels left.
You knew the following spells:

 Your Spells              Type           Power      Damage    Failure   Level
a - Necrotise             Necr           60%        1d7       3%          1

Your spell library contained the following spells:

 Spells                   Type           Power      Damage    Failure   Level
 Vampiric Draining        Necr           15%        2d7       10%         3
 Animate Dead             Necr           15%        N/A       32%         4
 Agony                    Necr           15%        N/A       67%         5


Dungeon Overview and Level Annotations

Branches:
Dungeon (1/15)

Altars:


Message History

Press: ? - help, Q - select action Shift-Dir - straight line, f/p - quokka
Aim: a quokka (moderately wounded, chance to affect: 85%)
The quokka writhes in agony.
You kill the quokka!
The dead are hopping!
You now have 0/3 mp.
Your quokka skeleton crumbles into dust!
There is an open door here.
A gnoll comes into view. It is wielding a +0 spear.
MP restored: 3 The gnoll shouts!
Aiming: Necrotise (safe; 3% risk of failure)
Press: ? - help, Q - select action Shift-Dir - straight line, f - gnoll
Aim: a gnoll, wielding a +0 spear (chance to affect: 79%)
The gnoll barely resists.
You now have 2/3 mp.
Aiming: Necrotise (safe; 3% risk of failure)
Press: ? - help, Q - select action Shift-Dir - straight line, f/p - gnoll
Aim: a gnoll, wielding a +0 spear (chance to affect: 79%)
The gnoll writhes in agony.
The gnoll hits you from afar with a +0 spear!
Ouch! That really hurt!
You take 8 damage, and have 5/13 hp.
MASSIVE DAMAGE!!
You now have 1/3 mp.
Aiming: Necrotise (safe; 3% risk of failure)
Press: ? - help, Q - select action Shift-Dir - straight line, f/p - gnoll
Aim: a gnoll, wielding a +0 spear (heavily wounded, chance to affect: 79%)
The gnoll writhes in agony!
The gnoll closely misses you.
You now have 0/3 mp.
Magic courses through your body.
The gnoll hits you from afar with a +0 spear.
* * * LOW HITPOINT WARNING * * *
You take 4 damage, and have 1/13 hp.
MASSIVE DAMAGE!!
MP restored: 3
Aiming: Necrotise (safe; 3% risk of failure)
Press: ? - help, Q - select action Shift-Dir - straight line, f/p - gnoll
Aim: a gnoll, wielding a +0 spear (almost dead, chance to affect: 79%)
The gnoll barely resists.
The gnoll hits you from afar with a +0 spear.
You die...

######## #......#
#......# #....g.#
#......#
...#....@.#
#.......!####
#...........#
#....###....#
...##.# #....#
##### ## #...#....#
#...## #
#......#####.##.###
###....#.....###.#.
#....#.#..## ##.#


You could see a gnoll.

Vanquished Creatures
  A hobgoblin (D:1)
  A quokka (D:1)
  A rat (D:1)
3 creatures vanquished.

Notes
Turn   | Place    | Note
-------+----------+-------------------------------------------
     0 | D:1      | jasper the Demonspawn Necromancer began the quest for the
                  | Orb.
     0 | D:1      | Reached XP level 1. HP: 13/13 MP: 3/3
   210 | D:1      | Slain by a gnoll

Illustrated notes

Levels and vault maps discovered:
D:1:      minmay_arrival_diagonal_passages, layout_basic,
          minmay_misc_feat_pillars

Action                     || total
---------------------------++-------
   Cast: Necrotise         ||    12
    Use: Potion            ||     1
 Armour: Robe              ||     3
  Dodge: Dodged            ||     1

Table legend: (Time is in decaauts)
 A = Elapsed time spent in this place.
 B = Non-inter-level travel time spent in this place.
 C = Inter-level travel time spent in this place.
 D = Time resting spent in this place.
 E = Time spent auto-exploring this place.
 F = Levels seen in this place.
 G = Mean time per level.
                   A        B        C        D        E       F      G
               +--------+--------+--------+--------+--------+-----+--------+
         Total |    210 |    210 |      0 |      0 |    189 |   1 |  210.0 |
       Dungeon |    210 |    210 |      0 |      0 |    189 |   1 |  210.0 |
               +--------+--------+--------+--------+--------+-----+--------+

Top non-repeatable levels by time:
     D:1: 210 daAuts
